 Dungeon Crawl Stone Soup version 0.24-a0-368-g0e0cebd (console) character file.

Game seed: 17007222748792362180

893 Zf the Tainter (level 8, -5/60 HPs)
             Began as a Formicid Venom Mage on May 29, 2019.
             Was a Follower of Okawaru.
             Slain by a bog mummy (15 damage)
             ... in an ossuary.
             The game lasted 00:16:31 (5968 turns).

Zf the Tainter (Formicid Venom Mage)                Turns: 5968, Time: 00:16:32

Health: -5/60      AC:  3    Str: 13    XL:     8   Next: 27%
Magic:  12/12      EV: 15    Int: 17    God:    Okawaru [*.....]
Gold:   212        SH:  0    Dex: 11    Spells: 4/13 levels left

rFire    . . .     SeeInvis +   a - +4 quarterstaff (chaos)
rCold    . . .     Gourm    .   (no shield)
rNeg     . . .     Faith    .   f - +0 robe
rPois    .         Spirit   .   (helmet unavailable)
rElec    .         Reflect  .   u - +0 cloak
rCorr    .         Harm     .   (no gloves)
MR       .....                  (no boots)
Stlth    ++........             (no amulet)
HPRegen  0.20/turn              n - +2 ring of evasion
MPRegen  0.13/turn              (no ring)

@: no status effects
A: permanent stasis, dig shafts and tunnels, four strong arms, antennae 3
a: Dig, Shaft Self, Heroism, Renounce Religion


You were in an ossuary.
You worshipped Okawaru.
Okawaru was aware of your devotion.
You were not hungry.

You visited 2 branches of the dungeon, and saw 6 of its levels.
You also visited: Ossuary.

You collected 212 gold pieces.

Inventory:

Hand Weapons
 a - a +4 quarterstaff of chaos (weapon)
 b - a +3 trident of pain
 l - a +0 hand axe
 o - a +0 hunting sling
 s - a +0 trident
 t - a +0 short sword
Missiles
 h - 46 stones (quivered)
 k - 78 arrows
 m - 26 bolts
 q - 24 poisoned darts
 x - 2 curare-tipped darts
 y - 13 sling bullets
 B - a throwing net
Armour
 f - a +0 robe (worn)
 u - a +0 cloak (worn)
Jewellery
 n - a +2 ring of evasion (left hand)
Scrolls
 i - 2 scrolls of amnesia
 p - a scroll of fear {unknown}
 r - a scroll of remove curse {unknown}
Potions
 d - 3 potions of invisibility {unknown}
 e - 2 potions of degeneration {unknown}
 g - 3 potions of heal wounds {unknown}
 j - a potion of curing
 v - a potion of berserk rage
 w - a potion of might {unknown}
 z - a potion of magic
Comestibles
 c - 11 rations


   Skills:
 + Level 3.7 Fighting
 + Level 3.8 Dodging
 - Level 4.0 Stealth
 - Level 3.0 Spellcasting
 - Level 1.0 Conjurations
 - Level 1.0 Air Magic
 - Level 9.0 Poison Magic


You had 4 spell levels left.
You knew the following spells:

 Your Spells              Type           Power        Failure   Level  Hunger
m - Mephitic Cloud        Conj/Pois/Air  ###.....     12%         3    ###....
v - Poisonous Vapours     Pois/Air       ###...       3%          2    ##.....
R - Olgreb's Toxic Radia  Pois           ####....     4%          4    ####...

Your spell library contained the following spells:

 Spells                   Type           Power        Failure   Level  Hunger
 Sting                    Conj/Pois      ###.         2%          1    None
 Venom Bolt               Conj/Pois      ###.......   52%         5    ######.


Dungeon Overview and Level Annotations

Branches:
Dungeon (5/15)             Temple (1/1) D:4

Altars:
Ashenzari
Cheibriados
Dithmenos
Elyvilon
Fedhas
Gozag
Hepliaklqana
Makhleb
Okawaru
Qazlal
Ru
Sif Muna
Uskayaw
Vehumet
Wu Jian
Xom
Zin
The Shining One

Annotations:
D:2 exclusion: crimson imp
D:3 exclusions: crimson imp and phantom
D:4 exclusion: 3 doors


Innate Abilities, Weirdness & Mutations

You cannot be hasted, slowed, berserked, paralysed or teleported.
You can dig through walls and to a lower floor.
Your four strong arms can wield two-handed weapons with a shield.
You have a pair of large antennae on your head. (SInv)


Message History

You destroy the mummy!
Okawaru accepts your kill.
Press: ? - help, v - describe, . - travel
Here: a bog mummy An open door.
You sock the bog mummy!
The bog mummy seems to speed up.
The bog mummy is moderately damaged.
The bog mummy hits you!
You hit the bog mummy.
The bog mummy is heavily damaged.
The bog mummy barely misses you.
You barely miss the bog mummy.
The bog mummy is heavily damaged.
The bog mummy points at you and mumbles some strange words.
The puff of frost hits you!
* * * LOW HITPOINT WARNING * * *
You barely miss the bog mummy.
The bog mummy is heavily damaged.
The bog mummy hits you!
You die...

#.'.# {{ ###.# {
{{ #.'.# {
###.#####{#
#.'...≈≈{.≈ {
###.#####'#
#.'.#..∩#{
###.#.∩.###
#.'.#..@#.#
###.##M##'##≈##≈
#.'...(.((.(≈≈.≈
###'#'#'#+#.≈≈≈.
#.#.#.#{ M#.
#######


You could see a bog mummy.

Vanquished Creatures
  A black bear (D:4)
  A crimson imp (D:5)
  A bullfrog zombie (Ossuary)
  2 centaur zombies (Ossuary)
  2 orc priests (D:4)
  2 hounds (D:4)
  4 orc wizards
  Crazy Yiuf (D:5)
  4 worker ants
  A killer bee zombie (Ossuary)
  A hound skeleton (D:4)
  A hound zombie (D:5)
  6 mummies (Ossuary)
  A howler monkey zombie (Ossuary)
  A worker ant zombie (Ossuary)
  3 gnolls (D:4)
  3 adders (D:3)
  An ooze (D:3)
  4 worms
  A dart slug (D:3)
  4 leopard geckos
  11 orcs
  A ball python (D:4)
  6 bats
  5 giant cockroaches
  11 goblins
  5 hobgoblins
  4 jackals (D:2)
  5 frilled lizards
  2 giant cockroach zombies (Ossuary)
  4 kobolds
  A leopard gecko skeleton (D:4)
  A leopard gecko zombie (Ossuary)
  11 rats
  A bush (D:4)
113 creatures vanquished.

Vanquished Creatures (others)
  2 withered plants (Ossuary)
2 creatures vanquished.

Grand Total: 115 creatures vanquished

Notes
Turn   | Place    | Note
-------+----------+-------------------------------------------
     0 | D:1      | Zf the Formicid Venom Mage began the quest for the Orb.
     0 | D:1      | Reached XP level 1. HP: 13/13 MP: 3/3
   160 | D:1      | Reached XP level 2. HP: 19/19 MP: 2/5
   164 | D:1      | Learned a level 2 spell: Poisonous Vapours
   221 | D:1      | Found a shattered altar of Ashenzari.
   485 | D:1      | Reached skill level 5 in Poison Magic
   596 | D:1      | Reached XP level 3. HP: 24/24 MP: 3/6
  1356 | D:2      | Found a faded altar of an unknown god.
  1558 | D:2      | Reached XP level 4. HP: 29/30 MP: 1/7
  1564 | D:2      | Learned a level 4 spell: Olgreb's Toxic Radiance
  1746 | D:2      | Reached skill level 6 in Poison Magic
  2445 | D:3      | Found a shimmering altar of Xom.
  2469 | D:3      | Found a snail-covered altar of Cheibriados.
  2730 | D:3      | Reached XP level 5. HP: 35/35 MP: 4/9
  2735 | D:3      | Learned a level 3 spell: Mephitic Cloud
  3260 | D:4      | Reached skill level 1 in Conjurations
  3351 | D:4      | Reached skill level 1 in Air Magic
  3351 | D:4      | Reached XP level 6. HP: 41/41 MP: 2/10
  3449 | D:4      | Reached skill level 7 in Poison Magic
  3935 | D:4      | Reached skill level 8 in Poison Magic
  4302 | D:4      | Reached XP level 7. HP: 47/47 MP: 6/11
  4353 | D:4      | Reached skill level 1 in Fighting
  4441 | D:4      | Found a staircase to the Ecumenical Temple.
  4611 | Temple   | Entered the Ecumenical Temple
  4789 | Temple   | Became a worshipper of Warmaster Okawaru
  5233 | D:5      | Entered Level 5 of the Dungeon
  5361 | D:5      | Found a runed translucent door.
  5362 | D:5      | Noticed Crazy Yiuf
  5375 | D:5      | Killed Crazy Yiuf
  5410 | D:5      | Found a sand-covered staircase.
  5438 | Ossuary  | Entered an ossuary
  5457 | Ossuary  | Reached skill level 9 in Poison Magic
  5457 | Ossuary  | Reached XP level 8. HP: 21/57 MP: 12/12
  5751 | Ossuary  | Reached * piety under Okawaru
  5968 | Ossuary  | Slain by a bog mummy

Levels and vault maps discovered:
D:1:      roderic_crossed_star, layout_rooms, minmay_misc_feat_iff,
          supply_closet_lemuel, ashenzari_altar_1
D:2:      layout_basic, chequers_ecumenical_altar_grove
D:3:      layout_basic, overflow_temple_1_default,
          nicolae_overflow_hidden_temple, first_ration, serial_forest,
          infiniplex_forest_clump_C, infiniplex_forest_straight_4,
          infiniplex_forest_lined_3, infiniplex_forest_straight_3,
          infiniplex_forest_clump_small, infiniplex_forest_clump_diagonal,
          infiniplex_forest_straight_3
D:4:      layout_basic, kennysheep_vampire_church, minmay_temple_entry_mist,
          serial_forest, infiniplex_forest_clump_medium,
          infiniplex_forest_lined_corner, infiniplex_forest_straight_1,
          infiniplex_forest_lined_3, infiniplex_forest_clump_tiny,
          infiniplex_forest_clump_curved, infiniplex_forest_clump_tiny,
          infiniplex_forest_lined_room_2, infiniplex_forest_end_2,
          grunt_ministairs_10, item_on_display_a
D:5:      layout_basic, kennysheep_little_box, enter_ossuary_1, bloody_trog,
          uniq_crazy_yiuf_cottage, uniq_duvessa
Temple:   regret_index_temple_sphere_string
Ossuary:  ossuary_zaba_flooded

Skill      XL: |  1  2  3  4  5  6  7  8 |
---------------+-------------------------+-----
Poison Magic   | 5 6 8 9 |  9.0
Spellcasting   | 3 |  3.0
Conjurations   | 1 |  1.0
Dodging        | 2 3 |  3.8
Stealth        | 3 4 |  4.0
Air Magic      | 1 |  1.0
Fighting       | 2 3 |  3.7

Action                   |  1- 3 |  4- 6 |  7- 9 || total
-------------------------+-------+-------+-------++-------
Melee: Short sword       |    14 |    30 |       ||    44
       Trident           |       |    33 |   147 ||   180
       Quarterstaff      |       |       |    66 ||    66
 Fire: Hunting sling     |       |    51 |       ||    51
Throw: Dart              |       |     3 |       ||     3
       Stone             |       |       |    10 ||    10
 Cast: Sting             |    19 |     7 |       ||    26
       Poisonous Vapours |    28 |    23 |     7 ||    58
       Olgreb's Toxic Ra |       |     5 |     6 ||    11
 Abil: Dig               |       |     2 |     4 ||     6
  Use: Scroll            |       |       |     8 ||     8
 Stab: Sleeping          |       |     1 |       ||     1
       Petrified         |       |       |     1 ||     1
       Distracted        |       |       |     1 ||     1
  Eat: Chunk             |     4 |    10 |     4 ||    18
       Ration            |       |       |     2 ||     2
Armor: Robe              |     2 |    10 |    10 ||    22
Dodge: Dodged            |    14 |    51 |    62 ||   127

Table legend:
 A = Non-vault XP
 B = Vault XP
 C = Vault XP percentage of total XP
 D = Non-vault monster count
 E = Vault monster count
 F = Vault count percentage of total count
                 A         B        C        D         E       F
            +---------+---------+-------+---------+---------+-------
      Total |     885 |     392 |  30.7 |      94 |      18 |  16.1
            +---------+---------+-------+---------+---------+-------
        D:1 |      44 |       0 |   0.0 |      27 |       0 |   0.0
        D:2 |      34 |       0 |   0.0 |      14 |       0 |   0.0
        D:3 |      77 |       0 |   0.0 |      20 |       0 |   0.0
        D:4 |     583 |      44 |   7.0 |      27 |       2 |   6.9
        D:5 |     147 |      41 |  21.8 |       6 |       1 |  14.3
    Ossuary |       0 |     307 | 100.0 |       0 |      15 | 100.0
            +---------+---------+-------+---------+---------+-------
